 Dungeon Crawl Stone Soup version 0.22-a0-422-g9628fc87f1 (webtiles) character file.

44 Denreik the Shield-Bearer (level 3, -4/29 HPs)
             Began as a Formicid Fighter on May 16, 2018.
             Slain by Grinder (6 damage)
             ... on level 3 of the Dungeon.
             The game lasted 00:03:27 (1122 turns).

Denreik the Shield-Bearer (Formicid Fighter)        Turns: 1122, Time: 00:03:27

Health: -4/29      AC:  6    Str: 21    XL:     3   Next: 87%
Magic:  3/3        EV:  8    Int:  7    God:
Gold:   220        SH: 10    Dex: 10    Spells: 2/2 levels left

rFire    . . .     SeeInvis +   a - +0 quarterstaff
rCold    . . .     Gourm    .   c - +0 shield
rNeg     . . .     Faith    .   b - +0 scale mail
rPois    .         Spirit   .   (helmet unavailable)
rElec    .         Reflect  .   (no cloak)
rCorr    .         Harm     .   (no gloves)
MR       .....                  (no boots)
Stlth    ..........             (no amulet)
HPRegen  0.09/turn              (no ring)
MPRegen  0.08/turn              (no ring)

@: no status effects
A: permanent stasis, dig shafts and tunnels, four strong arms, antennae 3
a: Dig, Shaft Self


You were on level 3 of the Dungeon.
You were not hungry.

You visited 1 branch of the dungeon, and saw 3 of its levels.

You collected 220 gold pieces.

Inventory:

Hand Weapons
 a - a +0 quarterstaff (weapon)
Missiles
 e - 71 stones (quivered)
Armour
 b - a +0 scale mail (worn)
 c - a +0 shield (worn)
Jewellery
 i - an uncursed amulet of faith {unknown}
Scrolls
 k - 3 scrolls of teleportation {unknown}
 l - 3 scrolls of identify {unknown}
 m - 2 scrolls of remove curse {unknown}
 n - a scroll of amnesia {unknown}
 o - a scroll of random uselessness {unknown}
 p - a scroll of noise {unknown}
 q - a scroll of immolation {unknown}
 t - a scroll of blinking {unknown}
Potions
 d - 2 potions of might
 h - 2 potions of curing {unknown}
 j - a potion of degeneration {unknown}
 r - a potion of berserk rage {unknown}
 s - a potion of brilliance {unknown}
Comestibles
 f - 4 rations
 g - a chunk of flesh


   Skills:
 - Level 3.2 Fighting
 - Level 2.0 Staves
 - Level 3.2 Armour
 * Level 5.4 Shields


You had 2 spell levels left.
You didn't know any spells.
Your spell library was empty.

Dungeon Overview and Level Annotations

Branches:
Dungeon (3/15)

Altars:
Uskayaw

Annotations:
D:3 Grinder


Innate Abilities, Weirdness & Mutations

You cannot be hasted, slowed, berserked, paralysed or teleported.
You can dig through walls and to a lower floor.
Your four strong arms can wield two-handed weapons with a shield.
You have a pair of large antennae on your head. (SInv)


Message History

Grinder drinks a potion.
Grinder suddenly seems more agile.
Grinder gestures at you. Pain shoots through your body! Grinder hits you.
You writhe in agony.
You barely miss Grinder. Grinder closely misses you.
You block Grinder's attack.
You closely miss Grinder.
Grinder grins, showing sharp teeth.
Grinder hits you.
You hit Grinder but do no damage. Grinder barely misses you.
Your shield prevents you from hitting Grinder.
You block Grinder's attack.
You closely miss Grinder. Grinder gestures at you.
Pain shoots through your body! Grinder gestures at you.
Pain shoots through your body!
* * * LOW HITPOINT WARNING * * *
You miss Grinder. Grinder hits you.
You die...

##############
......5@.....#
############.# #.#
#########.###
............#
.########.#.##### #
#.........
#.##.#######..#######
#.............#


You could see Grinder.

Vanquished Creatures
  2 oozes
  2 leopard geckos
  8 goblins
  3 hobgoblins
  A quokka (D:2)
  4 bats
  3 frilled lizards
  8 kobolds
  2 rats
33 creatures vanquished.

Notes
Turn   | Place    | Note
-------+----------+-------------------------------------------
     0 | D:1      | Denreik the Formicid Fighter began the quest for the Orb.
     0 | D:1      | Reached XP level 1. HP: 18/18 MP: 1/1
    61 | D:1      | Reached skill level 4 in Shields
    64 | D:1      | Reached XP level 2. HP: 19/24 MP: 2/2
   446 | D:1      | Reached XP level 3. HP: 29/29 MP: 3/3
   566 | D:2      | Found a hide-covered altar of Uskayaw.
   566 | D:2      | Noticed a hand axe
   566 | D:2      | Noticed a hand axe
   594 | D:2      | Reached skill level 5 in Shields
  1112 | D:3      | Noticed Grinder
  1122 | D:3      | Slain by Grinder

Vault maps used:
D:1:      dpeg_arrival_simpleton_b, minmay_vboxes
D:2:      dancing_weapons_uskayaw
D:3:      lemuel_doored_altar, first_ration, doesnt_xom_only_xom, uniq_robin,
          uniq_natasha, uniq_grinder

Skill      XL: |  1  2  3 |
---------------+----------+-----
Shields        | 4 5 |  5.4
Fighting       | |  3.2
Staves         | |  2.0
Armour         | |  3.2

Action                   || total
-------------------------++-------
Melee: Quarterstaff      ||   100
  Eat: Chunk             ||     1
Armor: Scale mail        ||    22
Dodge: Dodged            ||    30
Block: Shield            ||    47

Table legend:
 A = Spawn XP
 B = Non-spawn XP
 C = Spawn XP percentage of total XP
 D = Spawn monster count
 E = Non-spawn monster count
 F = Spawn count percentage of total count
 G = Total turns spent on level
                    A         B        C        D         E        F      G
               +---------+---------+-------+---------+---------+-------+---------
         Total |       0 |      64 |   0.0 |       0 |      33 |   0.0 |  1122
               +---------+---------+-------+---------+---------+-------+---------
           D:1 |       0 |      30 |   0.0 |       0 |      15 |   0.0 |   566
           D:2 |       0 |      25 |   0.0 |       0 |      16 |   0.0 |   508
           D:3 |       0 |       9 |   0.0 |       0 |       2 |   0.0 |    48
               +---------+---------+-------+---------+---------+-------+---------
